 Dungeon Crawl Stone Soup version 0.17.0-57-g0e89251 (webtiles) character file.

463 HandofTrog the Skirmisher (level 7, -6/60 HPs)
             Began as a Ghoul Monk on Dec 7, 2015.
             Mangled by Menkaure (9 damage)
             ... in an ossuary.
             The game lasted 00:12:41 (4227 turns).

HandofTrog the Skirmisher (Ghoul Monk)              Turns: 4227, Time: 00:12:41

Health: -6/60      AC:  6    Str: 17    XL:     7   Next: 7%
Magic:  6/6        EV: 11    Int: 10    God:
Gold:   267        SH:  0    Dex: 11    Spells: 0 memorised, 6 levels left

rFire  . . .     SeeInvis .     t - +0 whip (venom)
rCold  + . .     Clarity  .     p - +1 ring mail
rNeg   + + +     SustAt   +     (no shield)
rPois  ∞         Gourm    .     (no helmet)
rElec  .         Spirit   .     (no cloak)
rCorr  .         Warding  .     (no gloves)
rMut   .         Rnd*Tele +     (no boots)
MR     .....                    (no amulet)
Stlth  +.........               n - ring of sustain attributes
                                s - ring of teleportation (curse)

@: brilliant, flying, rotting, not resistant to hostile enchantments, very
unstealthy
A: rotting body, claws 1, carnivore 3, cold resistance 1, negative energy
resistance 3, slow regeneration 1, torment resistance, unbreathing
a: Evoke Teleportation


You were in an ossuary.
You were not hungry.

You visited 1 branch of the dungeon, and saw 5 of its levels.
You also visited: Ossuary.

You collected 267 gold pieces.

Inventory:

Hand Weapons
 c - a +0 mace
 t - a +0 whip of venom (weapon)
Missiles
 q - 5 javelins (quivered)
Armour
 a - a +0 robe
 d - a +0 robe
 p - a +1 ring mail (worn)
 x - a +1 leather armour of magic resistance
 H - a +0 chain mail
Jewellery
 e - an uncursed ring of fire
 n - a ring of sustain attributes (right claw)
 s - a cursed ring of teleportation (left claw)
 A - an uncursed ring of protection from cold {unknown}
Wands
 o - a wand of random effects (48)
 y - a wand of fireball (5)
 C - a wand of random effects (26)
 F - a wand of lightning (6)
Scrolls
 i - 3 scrolls of recharging
 l - a scroll of enchant armour
 r - 2 scrolls of identify
 u - a scroll of amnesia
 w - 2 scrolls of remove curse {unknown}
Potions
 f - a potion of ambrosia {unknown}
 h - a potion of haste
 k - a potion of cancellation {unknown}
 m - a potion of flight
 v - a potion of brilliance
 B - a potion of resistance {unknown}
 D - 2 potions of invisibility {unknown}
 E - a potion of poison {unknown}
 G - a potion of mutation {unknown}
Comestibles
 b - 3 meat rations
 g - a slice of pizza
 z - a beef jerky


   Skills:
 + Level 4.9 Fighting
 * Level 3.6 Maces & Flails
 + Level 3.9 Armour
 - Level 2.6 Dodging
 - Level 2.1 Stealth
 - Level 4.3 Unarmed Combat


You had 6 spell levels left.
You didn't know any spells.

Dungeon Overview and Level Annotations

Branches:
Dungeon (5/15)             Temple (0/1) D:5

Altars:
Elyvilon
Fedhas
Nemelex Xobeh
Qazlal
Ru
Sif Muna
Xom
Yredelemnul
Zin

Annotations:
Ossuary Menkaure


Innate Abilities, Weirdness & Mutations

Your body is rotting away.
You thrive on raw meat.
You are immune to poison.
You have sharp fingernails.
You are carnivorous and can eat meat at any time.
Your flesh is cold resistant.
You are immune to negative energy.
You regenerate slowly when monsters are visible.
You are immune to unholy pain and torment.
You can survive without breathing.


Message History

Menkaure hits you!
* * * LOW HITPOINT WARNING * * *
The quokka zombie barely misses you.
Read which item? (? for menu, Esc to quit)
Okay, then.
Drink which item? (? for menu, Esc to quit)
You feel better. Menkaure hits you.
* * * LOW HITPOINT WARNING * * *
The quokka zombie bites you but does no damage.
Drink which item? (? for menu, Esc to quit)
You feel very buoyant.
You fly up into the air.
The quokka zombie bites you but does no damage.
Menkaure hits you!
* * * LOW HITPOINT WARNING * * *
Drink which item? (? for menu, Esc to quit)
It was a potion of brilliance.
You feel clever all of a sudden. Menkaure hits you!
You die...

####### .......
....... ###+# #+#####
#... #...# + ##Z###
######.# .. #@M..#
#....#.' ... #MM..#
#....### ....#.M..#
#....'.# .........#
.......#.#
###....'.#.....#####.'
................ ###
................ #.#
........?!!..... +.#
.......!!$??.... #.'


You could see Menkaure, 3 mummies and a quokka zombie.

Vanquished Creatures
  2 crimson imps
  A centaur zombie (Ossuary)
  A giant frog skeleton (D:5)
  A hound (D:3)
  An orc wizard (D:3)
  2 orc priests (D:4)
  Natasha (thrice) (D:4)
  A mummy (Ossuary)
  A worker ant zombie (D:5)
  6 adders
  An adder zombie (Ossuary)
  A worm (D:4)
  An adder skeleton (D:4)
  2 giant geckos
  11 orcs
  2 ball pythons
  4 bats (D:1)
  2 giant cockroaches
  4 hobgoblins
  7 jackals
  2 quokkas
  2 giant gecko skeletons
  5 giant newts
  6 goblins
  A goblin zombie (Ossuary)
  A hobgoblin zombie (D:5)
  10 kobolds
  A quokka skeleton (D:5)
  A quokka zombie (Ossuary)
  5 rats
  A rat zombie (Ossuary)
89 creatures vanquished.

Notes
Turn   | Place    | Note
--------------------------------------------------------------
     0 | D:1      | HandofTrog the Ghoul Monk began the quest for the Orb.
     0 | D:1      | Reached XP level 1. HP: 19/19 MP: 0/0
   228 | D:1      | Reached XP level 2. HP: 27/27 MP: 1/1
   665 | D:2      | Found a stormy altar of Qazlal.
   668 | D:2      | Found a basalt altar of Yredelemnul.
   671 | D:2      | Found a sacrificial altar of Ru.
   674 | D:2      | Found a sparkling altar of Nemelex Xobeh.
   717 | D:2      | Found a shimmering altar of Xom.
   731 | D:2      | Reached XP level 3. HP: 30/34 MP: 2/2
  1132 | D:2      | Found a deep blue altar of Sif Muna.
  1243 | D:2      | Reached skill level 1 in Armour
  1367 | D:3      | Reached skill level 1 in Maces & Flails
  1367 | D:3      | Reached XP level 4. HP: 22/38 MP: 3/3
  1490 | D:3      | Found a white marble altar of Elyvilon.
  1530 | D:3      | Reached XP level 5. HP: 36/45 MP: 4/4
  1814 | D:3      | Found a faded altar to an unknown god.
  2436 | D:4      | Noticed Natasha
  2443 | D:4      | Killed Natasha
  2527 | D:4      | Noticed Natasha
  2530 | D:4      | Killed Natasha
  2530 | D:4      | Reached XP level 6. HP: 45/49 MP: 5/5
  2604 | D:4      | Noticed Natasha
  2615 | D:4      | Killed Natasha
  3275 | D:5      | Entered Level 5 of the Dungeon
  3536 | D:5      | Found a blossoming altar of Fedhas.
  3551 | D:5      | Found a glowing silver altar of Zin.
  3694 | D:5      | Found a sand-covered staircase.
  3696 | D:5      | Found a staircase to the Ecumenical Temple.
  3705 | Ossuary  | Entered an ossuary
  4052 | Ossuary  | Reached XP level 7. HP: 18/59 MP: 6/6
  4210 | Ossuary  | Noticed Menkaure
  4226 | Ossuary  | HP: 3/60 [Menkaure (9)]
  4227 | Ossuary  | Mangled by Menkaure

Action                   |  1- 3 |  4- 6 |  7- 9 || total
-------------------------+-------+-------+-------++-------
Melee: Unarmed           |   114 |   232 |       ||   346
       Whip              |     8 |    97 |     3 ||   108
  Use: Scroll            |       |     9 |     1 ||    10
       Potion            |       |     1 |     3 ||     4
 Stab: Sleeping          |     1 |     1 |       ||     2
  Eat: Chunk             |    12 |    12 |       ||    24
